[Event "CZE-ch U14 Open 2023"]
[Site "Teplice"]
[Date "2023.03.15"]
[Round "6.5"]
[White "Babula, Matej"]
[Black "Hrbek, Jachym"]
[Result "1-0"]
[ECO "B84"]
[WhiteElo "1796"]
[BlackElo "1824"]
[Annotator "NA RC COMBH"]
[PlyCount "43"]
[EventDate "2023.03.09"]
[EventType "swiss"]
[EventCountry "CZE"]
[SourceTitle "playchess.com"]
[Source "ChessBase"]
[SourceQuality "1"]
[TimeControl "40/5400+30:1800+30"]

1. e4 c5 2. Nf3 d6 3. d4 cxd4 4. Nxd4 Nf6 5. Nc3 a6 6. Be2 e6 7. O-O Be7 8. f4 Qc7 9. Kh1 b5 10. Bf3 Bb7 11. e5 dxe5 12. fxe5 Nfd7 13. Bxb7 Qxb7 14. Qg4 (14. Qh5 $16 g6 15. Qe2) 14... g6 15. Bg5 Nxe5 16. Qf4 Nbd7 17. Bxe7 Kxe7 18. Rae1 ({Not} 18. Nf3 Nxf3 19. Qb4+ (19. Rxf3 f5 $11) 19... Kd8 $18) 18... Qc7 19. Nd5+ exd5 20. Qxf7+ Kd6 21. Rxe5 Nb6 22. Re6+ 1-0

[Event "CZE-ch U14 Open 2023"]
[Site "Teplice"]
[Date "2023.03.15"]
[Round "6.6"]
[White "Roubal, Matyas"]
[Black "Popov, Roman"]
[Result "1/2-1/2"]
[ECO "B10"]
[WhiteElo "1948"]
[BlackElo "2353"]
[Annotator "TA"]
[PlyCount "140"]
[EventDate "2023.03.09"]
[EventType "swiss"]
[EventCountry "CZE"]
[SourceTitle "playchess.com"]
[Source "ChessBase"]
[SourceQuality "1"]
[TimeControl "40/5400+30:1800+30"]

1. e4 c6 2. Nc3 d5 3. Nf3 dxe4 4. Nxe4 Nf6 5. Qe2 Nxe4 6. Qxe4 Nd7 {[%emt 0:00:12] B11: Caro-Kann: Two Knights Variation.} 7. Bc4 Nf6 {[%emt 0:00:11] [#]} 8. Ne5 $1 e6 {[%emt 0:00:24] White has an edge.} 9. Qe2 b5 10. Bd3 ({Much weaker is} 10. Nxc6 Qc7 11. Bd3 (11. Bxb5 $2 a6 $17) 11... a6 $15) 10... Qc7 11. a4 $1 {[%emt 0:04:42] 11.a4 scores better than 11.b3.} b4 12. b3 Nd5 13. g3 {[%emt 0:03:48] Prevents Nf4.} Bd6 14. Bb2 {[%emt 0:02:28] White is more active.} Nc3 15. dxc3 Bxe5 {[%emt 0:00:19] [#]} 16. Qd2 $146 ({Predecessor:} 16. Be4 O-O 17. Qc4 Rb8 18. O-O c5 19. Rfe1 Bf6 {½-½ Lauer,M (2399)-Fecker,N (2339) Bodensee-Cup 2021 (2.4)}) 16... Bf6 (16... O-O $14) 17. f4 Bb7 18. O-O-O bxc3 19. Bxc3 Bxc3 20. Qxc3 O-O-O $2 (20... O-O $16 {is a better defense.}) 21. Qxg7 $18 c5 22. Rhe1 h5 23. Qe5 h4 24. f5 Qxe5 25. Rxe5 Rd5 26. Rxd5 Bxd5 {[%emt 0:03:52][%mdl 4096] Endgame KRB-KRB} 27. Be2 (27. g4 $142) 27... hxg3 $16 28. hxg3 Be4 $2 (28... Kc7 $16 {might work better.}) 29. fxe6 $18 fxe6 30. Bg4 Rh6 31. Re1 Bf5 32. Bxf5 exf5 {[%emt 0:00:12] KR-KR} 33. Re5 Rg6 $2 (33... c4 34. Rc5+ (34. bxc4 Rg6 $18) (34. Rxf5 cxb3 35. cxb3 Rg6 $18) 34... Kd7 35. Rxc4 (35. bxc4 Rg6 $18) 35... Rh1+ 36. Kb2 Rg1) 34. Rxc5+ Kb7 35. Rxf5 Rxg3 36. Kb2 Kc6 37. Rf4 $2 (37. b4 Rg7 38. a5) 37... a6 $2 (37... a5 38. Rf2 Kb7) 38. Rf5 Kb6 39. a5+ Kc6 40. c4 Re3 41. Ka3 Re8 42. Rf6+ Kb7 43. b4 Re3+ 44. Ka4 Re4 45. Kb3 Re3+ 46. Kc2 Ra3 47. Kb2 Re3 48. Rd6 Rh3 49. Kc2 Ra3 50. Rd3 Ra4 51. Kc3 Kc6 52. Rd1 {[%emt 0:01:22] [#] Threatening mate with Kb3.} Ra3+ 53. Kb2 Rh3 54. Rg1 Rh2+ 55. Kc3 Rh3+ 56. Kb2 (56. Kc2 $142 Rh2+ 57. Kb3 Rh3+ 58. Ka4) 56... Rh2+ 57. Kb3 {[%emt 0:00:52] Strongly threatening Rg6+.} Rh3+ 58. Ka4 Rh4 59. Rg6+ (59. Rg7 $142 Rf4 60. Ra7 Rxc4 61. Rxa6+ Kb7 62. Rh6) 59... Kb7 60. Rb6+ Ka7 61. c5 Rh3 62. Rg6 Rc3 63. Rg2 Kb7 64. Rb2 Kc6 $2 (64... Rh3 65. Rf2 Rh6) 65. Rb3 Rc1 66. Rd3 Ra1+ 67. Kb3 {[%emt 0:00:00] Hoping for Rd6+.} Kb5 68. Rd6 $2 (68. Rd7 $18 {Black must now prevent Rb7+.} Rb1+ 69. Kc3 Rxb4 70. Rb7+ Kxa5 71. c6) 68... Rb1+ $11 {[%emt 0:00:00] The position is equal.} 69. Kc3 {[%emt 0:00:00] And now Rb6+ would win.} Rxb4 70. Rb6+ Kxa5 {[%emt 0:00:00] Weighted Error Value: White=0.19 (very precise) /Black=0.21 (precise)} 1/2-1/2

[Event "CZE-ch U14 Open 2023"]
[Site "Teplice"]
[Date "2023.03.15"]
[Round "6.7"]
[White "Andrle, Filip"]
[Black "Stary, Vojtech"]
[Result "0-1"]
[ECO "C50"]
[WhiteElo "1721"]
[BlackElo "1814"]
[Annotator "NA RC COMBH"]
[PlyCount "116"]
[EventDate "2023.03.09"]
[EventType "swiss"]
[EventCountry "CZE"]
[SourceTitle "playchess.com"]
[Source "ChessBase"]
[SourceQuality "1"]
[TimeControl "40/5400+30:1800+30"]

1. e4 e5 2. Nf3 Nc6 3. Bc4 Bc5 4. d3 Nf6 5. Be3 Bb6 6. c3 d5 7. exd5 Nxd5 8. Bxb6 axb6 9. O-O O-O 10. Re1 Nf4 11. Qc2 Re8 (11... Bf5 $17 12. Re3 Na5 13. Rxe5 Nxc4 14. Rxf5 Qxd3 15. Qxd3 Nxd3) 12. Nbd2 (12. g3 $15 Nh3+ 13. Kg2) 12... Bf5 13. Ne4 Na5 14. Rad1 Nxc4 15. dxc4 Qe7 16. Qb3 (16. a3 $17 {keeps fighting.}) 16... Bg4 17. Re3 h6 18. Rde1 f5 (18... f6 $19 19. a3 Qf7) 19. Ng3 e4 20. Nd4 Qg5 21. h3 Bxh3 22. gxh3 Nxh3+ 23. Kh2 Nxf2 24. Ndxf5 Ng4+ 25. Kg2 Nxe3+ 26. Nxe3 h5 27. c5+ Kh8 28. Rh1 g6 29. Nef1 Qf4 30. Qd5 c6 31. Qd4+ Kg8 32. Qc4+ Qf7 33. Qd4 Rxa2 34. Nxe4 Rxb2+ 35. Kg3 Rf8 36. Nfd2 Qf4+ 37. Kh3 Qg4+ 38. Kh2 Qf4+ 39. Kh3 Qf5+ 40. Kh2 Kh7 41. Rg1 bxc5 42. Qe3 Qf4+ 43. Qxf4 Rxf4 44. Kh3 b5 45. Ra1 b4 46. cxb4 cxb4 47. Rc1 b3 48. Rxc6 Rc2 $19 49. Rb6 b2 50. Rb5 Kh6 51. Rb6 Rg4 52. Rb7 Rg1 53. Rb6 Rd1 54. Rd6 Rdxd2 55. Nxd2 {[%emt 0:00:31] [#]} Rxd2 $1 {[%emt 0:00:08] Remove Defender, Promotion} 56. Rb6 Kg5 57. Rb4 Kf5 58. Kg3 Ke5 0-1

[Event "CZE-ch U14 Open 2023"]
[Site "Teplice"]
[Date "2023.03.15"]
[Round "6.8"]
[White "Vlcek, Vojtech"]
[Black "Veverka, Vladimir"]
[Result "1/2-1/2"]
[ECO "E11"]
[WhiteElo "1671"]
[BlackElo "1735"]
[Annotator "NA RC COMBH"]
[PlyCount "76"]
[EventDate "2023.03.09"]
[EventType "swiss"]
[EventCountry "CZE"]
[SourceTitle "playchess.com"]
[Source "ChessBase"]
[SourceQuality "1"]
[TimeControl "40/5400+30:1800+30"]

1. d4 Nf6 2. c4 e6 3. Nf3 Bb4+ 4. Bd2 Bxd2+ 5. Nbxd2 d5 6. cxd5 exd5 7. e3 Nbd7 8. Bd3 b6 9. O-O O-O 10. Rc1 c5 11. dxc5 Nxc5 12. Be2 Bb7 13. Nb3 Rc8 14. Nxc5 bxc5 15. b3 Qd6 16. h3 Rfd8 17. Qd2 h6 18. Rfd1 Rc7 19. Qa5 Qb6 20. Qb5 Rdc8 21. Rc2 Ne4 22. Rdc1 Bc6 23. Qd3 f5 24. Ne5 Bb7 25. Qd1 g5 26. Bf3 Qf6 27. Bxe4 fxe4 28. Ng4 Qd6 29. f3 exf3 30. Qxf3 Rf8 31. Qd1 h5 32. Nh2 Qg3 33. Qxh5 Rh7 34. Qg6+ Kh8 35. Qe6 Bc8 36. Qxd5 Qxe3+ 37. Kh1 Bb7 38. Qxc5 Qxc5 1/2-1/2

[Event "CZE-ch U14 Open 2023"]
[Site "Teplice"]
[Date "2023.03.15"]
[Round "6.9"]
[White "Krautschneider, Daniel Jan"]
[Black "Soucek, Andrej"]
[Result "1-0"]
[ECO "B50"]
[WhiteElo "1679"]
[BlackElo "1679"]
[Annotator "NA RC COMBH"]
[PlyCount "67"]
[EventDate "2023.03.09"]
[EventType "swiss"]
[EventCountry "CZE"]
[SourceTitle "playchess.com"]
[Source "ChessBase"]
[SourceQuality "1"]
[TimeControl "40/5400+30:1800+30"]

1. e4 c5 2. Nf3 d6 3. c3 Nf6 4. Be2 Nc6 5. d4 e6 6. d5 exd5 7. exd5 Ne5 8. O-O Be7 9. Re1 O-O 10. c4 Qc7 11. Nc3 a6 12. Qc2 Nfd7 13. Ng5 Bxg5 14. Bxg5 h6 15. Bd2 Nb6 16. b3 Bg4 17. f4 Bxe2 18. Rxe2 Ng6 19. Rae1 Nd7 20. f5 Nge5 21. Ne4 Kh7 22. f6 g6 23. Re3 Ng4 24. Rh3 Ndxf6 25. Nxf6+ Nxf6 26. Bxh6 Rfe8 27. Bg5+ Kg7 28. Bxf6+ Kxf6 29. Rf1+ Kg7 30. Qf2 Qe7 31. Qf4 Rh8 32. Re3 Qd7 33. Qf6+ Kg8 34. Re7 1-0

[Event "CZE-ch U14 Open 2023"]
[Site "Teplice"]
[Date "2023.03.15"]
[Round "6.10"]
[White "Dusanek, Michal"]
[Black "Srba, Daniel"]
[Result "1-0"]
[ECO "A41"]
[WhiteElo "1624"]
[BlackElo "1509"]
[Annotator "NA RC COMBH"]
[PlyCount "92"]
[EventDate "2023.03.09"]
[EventType "swiss"]
[EventCountry "CZE"]
[SourceTitle "playchess.com"]
[Source "ChessBase"]
[SourceQuality "1"]
[TimeControl "40/5400+30:1800+30"]

1. d4 d6 2. e4 Nd7 3. Nf3 Ngf6 4. Bd3 e5 5. b3 exd4 6. Nxd4 Ne5 7. Bb2 Bg4 8. f3 Bd7 9. O-O Be7 10. Kh1 h5 11. Nf5 g6 12. Nxe7 Qxe7 13. f4 Bg4 14. Qe1 Nxd3 15. cxd3 O-O-O 16. Qh4 Nd5 17. Qxe7 Nxe7 18. Bxh8 Rxh8 19. Nc3 Nc6 20. h3 Bd7 21. Nd5 f5 22. Rac1 Be6 23. Rfe1 Bxd5 24. exd5 Nb4 25. Re6 Nxd3 26. Rc4 Rg8 27. Rxd6 Nxf4 28. Kh2 Nd3 29. Re6 Kd7 30. Kg3 b6 31. Rec6 Nc5 32. Kf4 g5+ 33. Kxf5 g4 34. hxg4 hxg4 35. Rxg4 Rf8+ 36. Kg5 Nd3 37. Kh6 Rh8+ 38. Kg7 Rh5 39. Rd4 Ne5 40. Re6 c5 41. Re4 Nd3 42. d6 Rg5+ 43. Rg6 Rxg6+ 44. Kxg6 Kxd6 45. Kf6 Nb4 46. Rxb4 Kd5 1-0

[Event "CZE-ch U14 Open 2023"]
[Site "Teplice"]
[Date "2023.03.15"]
[Round "6.11"]
[White "Macosek, Alex"]
[Black "Hobza, Richard"]
[Result "0-1"]
[ECO "A00"]
[WhiteElo "1466"]
[BlackElo "1702"]
[Annotator "NA RC COMBH"]
[PlyCount "70"]
[EventDate "2023.03.09"]
[EventType "swiss"]
[EventCountry "CZE"]
[SourceTitle "playchess.com"]
[Source "ChessBase"]
[SourceQuality "1"]
[TimeControl "40/5400+30:1800+30"]

1. g3 e5 2. Bg2 Nc6 3. d3 d5 4. a3 Nf6 5. b4 Be6 6. Bb2 Bd6 7. Nd2 Qd7 8. c4 a6 9. c5 Be7 10. Ngf3 Bh3 11. Bxh3 Qxh3 12. Nxe5 Nxe5 13. Bxe5 Qg2 14. Rf1 O-O 15. Nf3 Ng4 16. Bxc7 Bf6 17. d4 Rfe8 18. Qd3 Re4 19. O-O-O Nxf2 20. Rxf2 Qxf2 21. Rd2 Rae8 22. Be5 Bxe5 23. dxe5 Qe3 24. Qxe3 Rxe3 25. Rxd5 Rxe2 26. c6 bxc6 27. Ra5 Rf2 28. Nd4 h6 29. Nxc6 f6 30. Rxa6 fxe5 31. b5 e4 32. b6 e3 33. Nd4 e2 34. Nxe2 Rexe2 35. Kd1 Ra2 0-1

[Event "CZE-ch U14 Open 2023"]
[Site "Teplice"]
[Date "2023.03.15"]
[Round "6.12"]
[White "Striz, Tadeas"]
[Black "Tichy, Tomas"]
[Result "0-1"]
[ECO "B33"]
[WhiteElo "1503"]
[BlackElo "1810"]
[Annotator "NA RC COMBH"]
[PlyCount "83"]
[EventDate "2023.03.09"]
[EventType "swiss"]
[EventCountry "CZE"]
[SourceTitle "playchess.com"]
[Source "ChessBase"]
[SourceQuality "1"]
[TimeControl "40/5400+30:1800+30"]

1. e4 c5 2. Nf3 Nc6 3. d4 cxd4 4. Nxd4 Nf6 5. Nc3 e5 6. Ndb5 d6 7. Bg5 a6 8. Na3 b5 9. Nd5 Be7 10. Bxf6 Bxf6 11. c3 Bg5 12. Nc2 Rb8 13. Bd3 O-O 14. O-O Be6 15. Nce3 Bxe3 16. Nxe3 a5 17. a3 b4 18. Qd2 (18. Qa4 $142 bxc3 19. Qxc6 cxb2 20. Rab1) 18... bxc3 19. bxc3 a4 20. Rab1 Bb3 21. Bc4 Na5 22. Bxb3 axb3 23. Rfd1 Rb6 24. Qd3 Qd7 25. Nc4 Nxc4 26. Qxc4 Qb7 27. Rb2 Rc8 28. Qd3 Qc6 29. Rc1 Qc4 30. Qxc4 Rxc4 31. f3 Ra4 32. Ra1 Kf8 33. Kf2 Ke7 34. Ke3 Kd7 35. Kd3 Kc6 36. h3 Kc5 37. g3 $17 (37. g4 $142) 37... d5 38. exd5 Kxd5 39. h4 Kc5 40. Re1 f6 41. Ra1 Rd6+ 42. Ke3 0-1

[Event "CZE-ch U14 Open 2023"]
[Site "Teplice"]
[Date "2023.03.16"]
[Round "7.1"]
[White "Juhanak, Daniel"]
[Black "Ocelak, David"]
[Result "1/2-1/2"]
[ECO "E16"]
[WhiteElo "1952"]
[BlackElo "1608"]
[Annotator "TA"]
[PlyCount "81"]
[EventDate "2023.03.09"]
[EventType "swiss"]
[EventCountry "CZE"]
[SourceTitle "playchess.com"]
[Source "ChessBase"]
[SourceQuality "1"]
[TimeControl "40/5400+30:1800+30"]

1. d4 Nf6 2. Nf3 e6 3. c4 Bb4+ 4. Bd2 Qe7 5. a3 Bxd2+ 6. Nbxd2 O-O 7. e3 d6 8. Qc2 Nbd7 9. Bd3 e5 10. O-O Re8 {[%emt 0:02:28] [#] ...e4 is the strong threat. E11: Bogo-Indian.} 11. Ne4 {[%emt 0:06:53] [#]} exd4 $146 ({Predecessor:} 11... g6 12. Nfd2 Nxe4 13. Nxe4 Kg7 14. Rad1 Nf6 15. d5 Nxe4 16. Bxe4 a5 17. Qc3 Bd7 18. b3 {½-½ Mueller,H-Bartel,M DESC Liga 2010th Gr.D email}) 12. Nxf6+ Nxf6 {[%emt 0:00:14] White is slightly better.} 13. Nxd4 a6 14. b4 Ne4 15. Bxe4 Qxe4 16. Qxe4 Rxe4 17. Rac1 b6 18. c5 dxc5 19. bxc5 b5 20. Rfd1 {[%emt 0:03:59][%cal Od4b5] [#] Threatens to win with Nxb5!} Kf8 21. c6 Rb8 22. Rc5 g6 23. Rb1 Ke8 24. Rb4 Ra8 25. h3 {[%emt 0:00:59][%cal Od4b5] next Nxb5! is good for White.} ({Wrong is} 25. Nxb5 $2 Rxb4 26. Nxc7+ Kd8 $19) 25... f5 26. Nb3 Rxb4 27. axb4 $11 {[%emt 0:00:01][%mdl 4096] Endgame KRB-KRN} Be6 28. Nd4 (28. Re5 $5 Kf7 $8 29. Nc5 $11) 28... Kf7 29. Rc1 Rb8 30. f3 (30. Ra1 $5 ) 30... Bc4 31. Kf2 Rd8 ({Black should try} 31... h5 $11) 32. f4 (32. Ra1 $14) 32... Kf6 33. g4 h6 34. Ra1 Ra8 35. Nf3 Be6 (35... g5 $14) 36. Ne5 {[%emt 0:00:31] White is more active.} (36. g5+ $16 hxg5 37. fxg5+ Kf7 38. Ne5+ Kg7 39. Nd3) 36... g5 37. Ra3 Rd8 {[%emt 0:00:53] The position is equal.} 38. Rxa6 Rd2+ 39. Kg1 Rd1+ {[%emt 0:00:14][%mdl 1024] Black has compensation.} 40. Kf2 Rd2+ ({Better is} 40... gxf4 $11 41. exf4 Rd4) 41. Kg1 {[%emt 0:17:41] Weighted Error Value: White=0.13 (very precise) /Black=0.12 (very precise)} 1/2-1/2

[Event "CZE-ch U14 Open 2023"]
[Site "Teplice"]
[Date "2023.03.16"]
[Round "7.2"]
[White "Jasso, Matej"]
[Black "Zelba, Lukas"]
[Result "1/2-1/2"]
[ECO "B13"]
[WhiteElo "1934"]
[BlackElo "1912"]
[Annotator "TA"]
[PlyCount "59"]
[EventDate "2023.03.09"]
[EventType "swiss"]
[EventCountry "CZE"]
[SourceTitle "playchess.com"]
[Source "ChessBase"]
[SourceQuality "1"]
[TimeControl "40/5400+30:1800+30"]

1. e4 c6 2. d4 d5 3. exd5 cxd5 4. Bd3 Nc6 5. c3 Nf6 6. h3 g6 7. Bf4 Bf5 8. Bxf5 {[%emt 0:02:26] 8.Be2 gains popularity.} gxf5 9. Nf3 {[%emt 0:00:37] B13: Caro-Kann: Exchange Variation and Panov-Botvinnik Attack.} e6 10. Ne5 Ne4 11. Nd2 {[%emt 0:02:49] [#]} Nxd2 $146 ({Predecessor:} 11... Bd6 12. Nxc6 bxc6 13. Bxd6 Qxd6 14. Nxe4 fxe4 15. b4 a5 16. a3 e3 17. O-O Rg8 18. fxe3 {½-½ Cagara,P (2027)-Bugayev,V Titled Tuesday intern op 06th Apr blitz 2021 (7)}) 12. Qxd2 Rg8 13. Qe2 Bd6 14. g4 Bxe5 15. dxe5 (15. Bxe5 $11 Nxe5 16. Qxe5) 15... Qh4 (15... Qa5 $1 $15) 16. Bg3 $11 {[%emt 0:04:43] The position is equal.} Qh6 {[%emt 0:00:42][%cal Og8g4] ...Rxg4! is the strong threat.} 17. gxf5 exf5 18. Qf3 Qe6 19. O-O-O O-O-O 20. Kb1 d4 21. cxd4 Rxd4 22. Rxd4 Nxd4 23. Rc1+ Nc6 24. Qe3 Rd8 25. Qxa7 {[%emt 0:10:00] Strongly threatening f3.} f4 $1 {[%emt 0:00:09][%mdl 64] [#] Discovered Attack} 26. Qa8+ (26. Bxf4 $2 Qf5+ 27. Ka1 Qxf4 28. Qa8+ Kc7 29. Qa5+ Kb8 $19) 26... Kc7 27. Qa5+ Kc8 28. Qa8+ (28. Bxf4 $2 {too greedy.} Qf5+ 29. Ka1 Qxf4 30. Qa8+ Kc7 31. Qa5+ Kb8 $19) 28... Kc7 29. Qa5+ Kc8 30. Qa8+ {[%emt 0:03:03] Weighted Error Value: White=0.09 (flawless) /Black=0.07 (flawless)} (30. Bxf4 $2 {loses.} Qf5+ 31. Ka1 Qxf4 $19) 1/2-1/2

[Event "CZE-ch U14 Open 2023"]
[Site "Teplice"]
[Date "2023.03.16"]
[Round "7.3"]
[White "Zemek, Antonin"]
[Black "Martirosyan, David"]
[Result "0-1"]
[ECO "A06"]
[WhiteElo "1739"]
[BlackElo "1975"]
[Annotator "TA"]
[PlyCount "78"]
[EventDate "2023.03.09"]
[EventType "swiss"]
[EventCountry "CZE"]
[SourceTitle "playchess.com"]
[Source "ChessBase"]
[SourceQuality "1"]
[TimeControl "40/5400+30:1800+30"]

1. Nf3 d5 2. b3 Bf5 3. Bb2 e6 4. g3 h6 5. Bg2 Nf6 6. c4 c6 7. d3 Nbd7 8. Nbd2 Be7 9. Qc2 O-O 10. O-O Bh7 11. Rad1 a5 {[#] A12: English Opening: 1...c6 with b3 by White.} 12. h3 $146 {[#]} ({Predecessor:} 12. a3 b5 13. cxb5 cxb5 14. Qb1 Qb6 15. Rc1 Rfc8 16. Rxc8+ Rxc8 17. Rc1 Rc7 18. Rxc7 Qxc7 19. Qc1 Qxc1+ 20. Bxc1 {1-0 Froewis,G (2457)-Ragger,M (2679) AUT-ch Zwisch Internet blitz 2020 (9)}) 12... a4 $1 13. Nb1 (13. Rfe1 axb3) 13... axb3 {Black is slightly better.} 14. axb3 Qb8 15. Nc3 b5 16. Nd4 {[#]} (16. cxb5 $11 cxb5 17. Ra1) 16... Qb6 (16... Rc8 $1 $17 17. cxb5 cxb5) 17. Ra1 Rxa1 $17 (17... Qxd4 18. Nxd5 Qc5 19. b4 $16) 18. Bxa1 bxc4 (18... Qxd4 19. Nxd5 Qc5 20. b4 $16) 19. Na4 cxb3 20. Nxc6 {[#]} Ba3 $1 $19 (20... bxc2 21. Nxe7+ Kh8 22. Nxb6 $11) 21. Qc3 Qa6 ({Avoid the trap} 21... Qb5 $2 22. Nb2 $19) 22. Nb2 (22. Qxb3 $142 Qxc6 23. Qxa3) 22... Rc8 23. Rc1 {[%cal Oc6e7] aiming for Ne7+!} Kf8 {Dodges Ne7} 24. Qxb3 Nc5 ({Less strong is} 24... Rxc6 25. Rxc6 Qxc6 26. Qxa3+ Kg8 27. Nc4 $14) (24... Bxb2 $2 25. Qb4+ Kg8 26. Ne7+ (26. Qxb2 $2 {too greedy.} Rxc6 27. Rxc6 Qxc6 $19) 26... Kh8 27. Rxc8+ $18) 25. Qc3 Rxc6 26. d4 Nfe4 27. Bxe4 Bxe4 28. e3 $2 (28. dxc5 Rxc5 29. Qe1) 28... Kg8 {[%cal Oc5b3] Strongly threatening ...Nb3!} 29. h4 {[#]} (29. dxc5 $142 Rxc5 30. Qe1) 29... Qe2 $1 {[%cal Oa3b4] ( -> ...Bb4!)} 30. Qxa3 {[#] White is weak on the light squares} (30. dxc5 Qf3) 30... Qf3 $1 {[%csl Ge4][%cal Rf3g2][%mdl 64] Double Attack. Black mates.} 31. Kf1 (31. Qa8+ Kh7) 31... Qh1+ {[%mdl 64] Skewer} 32. Ke2 Bf3+ 33. Kd2 {[#]} Nb3+ $1 34. Qxb3 Qxc1+ 35. Kd3 Be4+ 36. Ke2 Rc2+ {[%mdl 64] Skewer} 37. Qxc2 Qxc2+ 38. Ke1 Bf3 39. Nc4 Qd1# {Black took control after the opening. An entertaining game by Martirosyan.   Weighted Error Value: White=0.90/Black=0.25 (precise)} 0-1

[Event "CZE-ch U14 Open 2023"]
[Site "Teplice"]
[Date "2023.03.16"]
[Round "7.4"]
[White "Stary, Vojtech"]
[Black "Topencik, Bruno"]
[Result "1-0"]
[ECO "C10"]
[WhiteElo "1814"]
[BlackElo "1844"]
[Annotator "NA RC COMBH"]
[PlyCount "107"]
[EventDate "2023.03.09"]
[EventType "swiss"]
[EventCountry "CZE"]
[SourceTitle "playchess.com"]
[Source "ChessBase"]
[SourceQuality "1"]
[TimeControl "40/5400+30:1800+30"]

1. e4 e6 2. d4 d5 3. Nd2 dxe4 4. Nxe4 Nd7 5. Nf3 Ngf6 6. Bd3 Be7 7. Qe2 O-O 8. Bg5 Re8 9. O-O-O Nxe4 10. Bxe7 Qxe7 11. Qxe4 Nf8 12. Kb1 Rb8 13. h4 b5 14. Qe3 Bb7 15. g4 Bd5 16. Rh3 Rb6 17. h5 Reb8 (17... Nd7 $14) 18. Nd2 Ra6 19. Nb3 Bxb3 20. axb3 ({Don't play} 20. cxb3 $6 Rd6 $14) 20... Rd6 21. g5 a5 (21... Rd5 $16 {was necessary.}) 22. Rg1 a4 (22... g6 $16) 23. b4 ({White should try} 23. g6 $18 fxg6 24. hxg6) 23... Ra6 (23... g6 $16 24. f4 Rd7) 24. c3 a3 25. b3 a2+ 26. Ka1 Rd6 27. f4 ({Weaker is} 27. Kxa2 e5 $16) 27... Qd7 28. Be4 g6 29. hxg6 ({Don't do} 29. Kxa2 Ra6+ 30. Kb2 c6 31. hxg6 fxg6 $18) 29... fxg6 30. Bf3 Ra6 31. Rgh1 Ra3 32. Bd1 Qd5 33. Qe5 Qg2 $2 (33... Rb6 34. R1h2 (34. Qxc7 Rc6 $11) 34... Qc6) 34. R3h2 Qc6 35. Qe3 Qd5 36. Rf1 Qf5 37. Bc2 Qd5 38. Rff2 Rba8 39. Qe5 Qc6 40. Qe3 Qd5 41. Qe4 Qd6 42. Bd1 Kf7 43. Rb2 Qd7 44. Bf3 R8a6 45. Rxa2 Ke7 (45... Qd6 $142 46. Rxa3 Rxa3+ 47. Kb2 Ra7) 46. Rxa3 Rxa3+ 47. Kb2 Ra6 48. Rh1 c6 49. Qe5 Qa7 (49... Kf7 $142 50. Ra1 Rxa1 51. Kxa1 Kg8) 50. Qg7+ {[%emt 0:01:07] Deflection} Ke8 51. Bxc6+ Nd7 52. Bxd7+ (52. Bxb5 $2 {is the wrong capture.} Ra2+ 53. Kb1 Ra1+ {[%mdl 64] Skewer} 54. Kc2 Rxh1 55. Bxd7+ Qxd7 56. Qg8+ Ke7 57. Qg7+ Kd8 58. Qf6+ Kc7 $19) 52... Kd8 53. Qf8+ (53. Rxh7 {leads to mate.} Ra2+ 54. Kb1 Ra1+ 55. Kc2 Qa2+ 56. Kd3 Rd1+ 57. Ke3 Qd2+ 58. Kf3 Qxc3+ 59. Kg4 Rg1+ 60. Kh4 Qg3#) 53... Kxd7 54. Rxh7+ 1-0

[Event "CZE-ch U14 Open 2023"]
[Site "Teplice"]
[Date "2023.03.16"]
[Round "7.5"]
[White "Zrubek, Dan"]
[Black "Babula, Matej"]
[Result "1/2-1/2"]
[ECO "C92"]
[WhiteElo "1752"]
[BlackElo "1796"]
[Annotator "NA RC COMBH"]
[PlyCount "80"]
[EventDate "2023.03.09"]
[EventType "swiss"]
[EventCountry "CZE"]
[SourceTitle "playchess.com"]
[Source "ChessBase"]
[SourceQuality "1"]
[TimeControl "40/5400+30:1800+30"]

1. e4 e5 2. Nf3 Nc6 3. Bb5 a6 4. Ba4 Nf6 5. O-O Be7 6. Re1 b5 7. Bb3 d6 8. c3 O-O 9. h3 Bb7 10. d4 Re8 11. Nbd2 Bf8 12. Bc2 g6 13. Bb1 Nb8 14. a4 c5 15. Qb3 Qd7 16. d5 Bh6 17. Qc2 Bg7 18. Nf1 Qe7 19. Ng3 c4 20. b3 cxb3 21. Qxb3 Nbd7 22. Be3 Rec8 23. Bd3 Nc5 24. Bxc5 Rxc5 25. axb5 axb5 26. Rxa8+ Bxa8 27. Bxb5 Rc7 28. Ra1 Ra7 29. Rxa7 Qxa7 30. Qa4 Qxa4 31. Bxa4 Bb7 32. Bb5 Bc8 33. Kf1 Bd7 34. c4 Kf8 35. Ke2 Ke7 36. Kd3 Ne8 37. Kc3 Nc7 38. Kb4 Bh6 39. Nf1 f5 40. N1d2 fxe4 1/2-1/2